Map: Newkirk Precinct TE (Void)

Players

WildGame

  • Race: Terran Terran
  • League: Grandmaster
  • Spawn Location: 5:00

Maplez - Winner!

  • Race: Protoss Protoss
  • League: Master
  • Spawn Location: 7:00

VOD

Have the link to the VOD?

Description

Time

  • Played on: Feb. 7, 2017, 3:30 p.m.
  • Length: 17:20
Show
View Real Time Build Order
Export as new Build Order

WildGame Terran 

Build Orders: Cyclone Opening, Reaper Expand, MMM Bio 

Get SALT Encoding   

  12  0:01  SCV  
  13  0:13  SCV  
  14  0:18  Supply Depot  
  14  0:25  SCV  
  15  0:29  Refinery  
  15  0:40  SCV  
  16  0:46  Barracks  
  16  0:52  SCV  
  17  1:04  SCV  
  18  1:17  SCV  
  19  1:32  Reaper  
  19  1:33  Orbital Command  
  20  1:48  Command Center  
  20  1:57  Factory  
  20  1:58  SCV  
  21  2:05  Refinery  
  21  2:09  Barracks Reactor  
  21  2:11  SCV  
  22  2:19  Supply Depot  
  22  2:23  SCV  
  23  2:41  SCV  
  23  2:43  Starport  
  24  2:47  Marine x2  
  26  2:53  SCV  
  26  2:57  Cyclone  
  30  3:03  Orbital Command  
  31  3:05  SCV  
  31  3:08  Marine  
  31  3:10  Marine  
  33  3:18  SCV  
  33  3:21  Medivac  
  35  3:28  Marine  
  35  3:29  Marine, Widow Mine  
  35  3:30  SCV  
  40  3:34  SCV  
  41  3:42  SCV  
  41  3:44  Supply Depot  
  41  3:46  Marine  
  41  3:47  Supply Depot  
  43  3:48  Liberator  
  43  3:49  Marine  
  44  4:01  Factory Tech Lab  
  44  4:02  SCV x2  
  46  4:05  Marine  
  50  4:13  Marine  
  51  4:17  SCV x2  
  51  4:18  Supply Depot  
  51  4:19  Refinery  
  51  4:22  Siege Tank  
  56  4:32  SCV x2  
  56  4:41  Marine x2  
  56  4:44  SCV  
  56  4:45  SCV  
  59  4:51  Supply Depot, Barracks  
  59  4:52  Barracks  
  59  4:56  SCV  
  59  4:57  SCV  
  59  4:58  Siege Tank  
  64  5:00  Starport Reactor  
  64  5:01  Marine  
  64  5:02  Marine  
  66  5:09  Engineering Bay  
  66  5:12  Refinery  
  66  5:18  SCV x2  
  68  5:26  Marine x2  
  70  5:30  SCV x2  
  70  5:31  Supply Depot  
  69  5:41  Barracks Tech Lab  
  69  5:44  SCV x2  
  69  5:45  Barracks x2  
  69  5:46  Factory Reactor  
  69  5:47  Medivac  
  69  5:49  Medivac  
  75  5:55  Stimpack  
  75  5:57  SCV x2  
  77  6:00  Terran Infantry Weapons Level 1  
  77  6:05  Supply Depot  
  77  6:08  Combat Shields  
  77  6:12  SCV  
  77  6:13  SCV  
  77  6:15  Marine  
  77  6:16  Marine  
  77  6:18  Marine  
  82  6:19  Marine  
  83  6:26  Supply Depot  
  83  6:27  Supply Depot, Widow Mine  
  83  6:29  Widow Mine  
  87  6:35  Medivac x2  
  87  6:36  Barracks Reactor  
  87  6:37  Barracks Reactor  
  87  6:38  SCV  
  92  6:40  SCV  
  93  6:48  Marine  
  93  6:49  Marauder, Marine  
  93  6:50  Marauder  
  93  6:52  Supply Depot  
  93  6:53  SCV  
  100  6:57  Supply Depot  
  100  6:58  Supply Depot  
  100  7:01  Widow Mine  
  100  7:02  Widow Mine  
  100  7:05  Medivac  
  106  7:14  Missile Turret, Marauder, Marine x3  
  111  7:16  Marine  
  111  7:19  Marauder  
  114  7:26  Concussive Shells  
  114  7:30  Widow Mine x2  
  118  7:41  Medivac x2  
  118  7:43  Command Center  
  122  7:46  Marine  
  122  7:47  Marauder  
  125  7:59  Liberator  
  113  8:08  Marine x4  
  113  8:09  Marauder x2, Marine  
  113  8:11  Marine  
  109  8:26  SCV x2, Marine x5  
  116  8:27  Terran Infantry Armor Level 1  
  116  8:30  Marauder  
  116  8:31  Barracks  
  116  8:32  Barracks  
  116  8:46  Marine x2  
  116  8:47  Marauder  
  100  9:03  Marine  
  100  9:04  Marauder, Marine  
  100  9:09  Marine  
  98  9:10  Marauder, Marine x3  
  100  9:17  Factory Reactor  
  100  9:21  Marine x2  
  100  9:26  Marauder  
  100  9:30  SCV x2, Orbital Command  
  100  9:32  Medivac x2  
  100  9:33  Marauder, Marine x4  
  100  9:35  Armory  
  100  9:36  Barracks Tech Lab x2  
  110  9:40  Engineering Bay  
  109  9:47  Marauder  
  109  9:49  Marine x2  
  109  9:50  SCV x2  
  109  9:52  Marine  
  116  9:53  Marine x3  
  116  9:54  Marauder  
  119  10:02  Medivac x2  
  119  10:06  SCV x3  
  119  10:07  Marine  
  126  10:14  Starport, Fusion Core  
  127  10:16  Marine  
  127  10:17  Marine  
  127  10:19  SCV  
  132  10:26  Missile Turret  
  132  10:27  SCV  
  133  10:30  Marine  
  133  10:32  Terran Infantry Weapons Level 2, Medivac x2  
  133  10:33  Terran Infantry Armor Level 2  
  136  10:38  Marauder, Marine x3  
  141  10:52  SCV x3  
  141  10:54  Missile Turret, Marauder, Marine x3  
  149  10:58  Marauder  
  149  11:01  Marine  
  149  11:02  Marine  
  149  11:11  Supply Depot x2  
  149  11:12  Supply Depot  
  149  11:16  Liberator x2  
  149  11:17  Liberator  
  149  11:25  Command Center  
  149  11:32  Marine x4  
  157  11:33  SCV, Marauder x4  
  171  11:43  Marine x2  
  173  11:54  Marauder x2, Liberator  
  167  11:59  Liberator x2  
  161  12:18  Marauder, Marine x4  
  161  12:19  Marauder  
  161  12:20  Marauder  
  162  12:32  Marine x2  
  162  12:33  Marauder  
  162  12:36  Marine  
  156  12:38  Marine  
  156  12:39  Refinery  
  156  12:40  Marauder x2  
  118  12:55  Marine x5  
  118  12:56  Marauder x2  
  103  12:59  Marine  
  103  13:01  Marauder, Marine  
  103  13:02  Orbital Command  
  101  13:13  Marine x5  
  101  13:17  Marauder x2, Marine  
  111  13:23  Marine  
  70  13:56  Marauder, Marine x4  
  70  13:57  Marauder x2  
  70  14:01  SCV x3  
  83  14:05  Marine x2  
  83  14:09  Marine  
  86  14:13  Medivac  
  86  14:14  Marine  
  89  14:18  Medivac  
  89  14:20  Orbital Command  
  91  14:25  Marine  
  91  14:26  Marauder  
  94  14:33  Medivac x2  
  94  14:34  Marine  
  99  14:41  Marine x2  
  99  14:42  Marauder  
  99  14:43  Medivac  
  105  14:48  Medivac  
  107  14:57  Marauder, Marine x5  
  107  14:58  Marauder  
  107  14:59  Marine  
  117  15:03  Marauder  
  119  15:08  Liberator  
  119  15:09  Liberator  
  119  15:17  Marine x2  
  119  15:18  Marauder  
  119  15:19  Marauder, Marine  
  115  15:24  Marine x2  
  115  15:25  Marauder  
  55  16:20  Marauder, Marine  
  42  16:29  Orbital Command  
  42  16:31  Marine  
  42  16:32  Marine x3  
  41  16:34  Marine  
  38  16:56  Marine  
Show
View Real Time Build Order
Export as new Build Order

Maplez Protoss - Winner!

Build Orders: 1 Gate Expand, Blink Stalkers 

Get SALT Encoding   

  12  0:01  Probe (Chrono Boost)  
  13  0:11  Probe (Chrono Boost)  
  14  0:17  Pylon  
  14  0:23  Probe (Chrono Boost)  
  15  0:36  Probe (Chrono Boost)  
  15  0:37  Gateway  
  16  0:46  Probe (Chrono Boost)  
  16  0:47  Assimilator  
  18  0:57  Probe (Chrono Boost)  
  18  1:07  Probe (Chrono Boost)  
  19  1:18  Probe (Chrono Boost)  
  20  1:25  Nexus  
  20  1:28  Probe (Chrono Boost)  
  21  1:37  Cybernetics Core  
  21  1:42  Probe (Chrono Boost)  
  22  1:48  Assimilator  
  22  1:52  Pylon  
  22  1:55  Probe (Chrono Boost)  
  23  2:10  Adept  
  23  2:11  Probe (Chrono Boost)  
  23  2:14  Warp Gate  
  28  2:24  Mothership Core (Chrono Boost)  
  28  2:37  Adept  
  28  2:40  Probe (Chrono Boost)  
  31  2:46  Robotics Facility  
  31  2:52  Probe (Chrono Boost)  
  31  2:55  Probe (Chrono Boost)  
  33  3:02  Probe (Chrono Boost)  
  33  3:04  Adept  
  36  3:09  Probe (Chrono Boost)  
  38  3:13  Probe (Chrono Boost)  
  38  3:19  Probe (Chrono Boost)  
  39  3:21  Twilight Council  
  39  3:23  Probe (Chrono Boost)  
  40  3:30  Probe (Chrono Boost)  
  40  3:31  Pylon, Adept  
  40  3:33  Observer  
  44  3:35  Probe (Chrono Boost)  
  44  3:40  Probe (Chrono Boost)  
  46  3:48  Gateway  
  46  3:49  Blink  
  46  3:50  Gateway  
  46  3:51  Probe (Chrono Boost)  
  46  3:53  Probe (Chrono Boost)  
  48  4:05  Assimilator  
  48  4:06  Probe (Chrono Boost), Observer  
  48  4:08  Assimilator  
  48  4:09  Probe (Chrono Boost)  
  52  4:17  Stalker  
  52  4:18  Probe (Chrono Boost)  
  54  4:25  Pylon  
  54  4:30  Probe (Chrono Boost)  
  54  4:32  Probe (Chrono Boost)  
  54  4:33  Pylon  
  50  4:41  Probe (Chrono Boost)  
  50  4:44  Probe (Chrono Boost)  
  52  4:51  Observer  
  53  4:53  Probe (Chrono Boost)  
  53  4:56  Probe (Chrono Boost)  
  53  4:58  Nexus  
  55  5:01  Stalker x2  
  55  5:03  Sentry  
  55  5:05  Probe (Chrono Boost)  
  63  5:07  Pylon  
  63  5:08  Probe (Chrono Boost)  
  63  5:17  Probe (Chrono Boost)  
  63  5:20  Probe (Chrono Boost), Pylon  
  65  5:26  Stalker x2  
  69  5:29  Probe (Chrono Boost)  
  69  5:32  Probe (Chrono Boost)  
  70  5:41  Probe (Chrono Boost)  
  71  5:45  Probe (Chrono Boost)  
  71  5:46  Robotics Bay, Stalker  
  71  5:47  Immortal  
  74  5:53  Probe (Chrono Boost)  
  80  5:57  Probe (Chrono Boost)  
  81  6:05  Probe (Chrono Boost)  
  81  6:06  Stalker x2  
  81  6:08  Pylon  
  81  6:09  Probe (Chrono Boost)  
  86  6:18  Gateway  
  87  6:19  Gateway  
  87  6:20  Probe (Chrono Boost)  
  87  6:22  Gateway  
  87  6:23  Sentry  
  87  6:25  Colossus  
  89  6:26  Extended Thermal Lance  
  89  6:27  Probe x2 (Chrono Boost)  
  91  6:38  Probe (Chrono Boost)  
  98  6:43  Probe (Chrono Boost), Assimilator  
  98  6:45  Assimilator  
  98  6:46  Pylon  
  100  6:54  Probe (Chrono Boost)  
  100  6:55  Stalker x2  
  100  6:56  Stalker  
  100  7:00  Probe (Chrono Boost), Pylon  
  107  7:03  Probe (Chrono Boost)  
  109  7:09  Probe (Chrono Boost), Resonating Glaives  
  109  7:13  Robotics Facility  
  109  7:15  Pylon  
  109  7:18  Forge  
  109  7:19  Forge  
  109  7:22  Pylon  
  109  7:23  Colossus  
  109  7:25  Probe (Chrono Boost)  
  113  7:33  Stalker  
  113  7:35  Adept  
  120  7:40  Adept  
  120  7:41  Adept x2  
  120  7:44  Probe (Chrono Boost)  
  127  7:46  Stalker  
  129  7:53  Protoss Ground Armor Level 1, Protoss Ground Weapons Level 1  
  129  7:55  Photon Cannon  
  129  7:57  Probe (Chrono Boost)  
  123  8:07  Probe (Chrono Boost)  
  123  8:09  Probe (Chrono Boost)  
  123  8:12  Probe (Chrono Boost)  
  115  8:16  Stalker x6  
  118  8:20  Probe (Chrono Boost)  
  124  8:33  Probe (Chrono Boost)  
  125  8:41  Adept x4  
  125  8:42  Adept x2  
  133  8:48  Probe (Chrono Boost)  
  133  8:49  Probe (Chrono Boost), Nexus  
  133  8:52  Pylon  
  133  8:55  Pylon, Disruptor  
  136  8:56  Robotics Facility  
  128  9:06  Probe (Chrono Boost)  
  128  9:08  Probe (Chrono Boost)  
  124  9:13  Probe (Chrono Boost)  
  125  9:19  Probe (Chrono Boost)  
  125  9:20  Stalker x6  
  138  9:25  Templar Archives  
  138  9:31  Observer  
  135  9:33  Pylon  
  135  9:38  Probe (Chrono Boost)  
  131  9:39  Colossus  
  131  9:40  Probe (Chrono Boost)  
  131  9:42  Probe (Chrono Boost)  
  131  9:44  Colossus  
  144  9:56  Probe (Chrono Boost)  
  144  9:59  Probe (Chrono Boost)  
  146  10:02  Probe (Chrono Boost)  
  147  10:11  Probe (Chrono Boost)  
  147  10:12  Stalker x2  
  147  10:13  Stalker x2  
  156  10:17  Assimilator  
  156  10:18  Assimilator  
  156  10:19  Psionic Storm  
  156  10:20  Protoss Ground Armor Level 2  
  156  10:21  Protoss Ground Weapons Level 2, Gateway  
  156  10:22  Gateway  
  156  10:25  Gateway  
  156  10:33  Observer  
  156  10:34  Adept x2  
  161  10:35  Adept x2  
  165  10:50  Observer Gravitic Boosters  
  165  10:53  Probe (Chrono Boost)  
  165  10:55  Nexus  
  165  10:56  Pylon  
  166  10:58  Stalker x2  
  166  10:59  Stalker x3  
  166  11:03  Probe (Chrono Boost)  
  177  11:06  High Templar  
  177  11:07  Pylon  
  177  11:11  Pylon  
  179  11:15  Pylon  
  178  11:20  Stalker x2  
  178  11:22  High Templar x2  
  178  11:23  High Templar  
  188  11:27  Stalker x2  
  192  11:33  Stargate  
  192  11:34  Photon Cannon  
  192  11:37  Photon Cannon  
  192  11:45  Pylon  
  192  11:46  Assimilator  
  191  11:47  Assimilator  
  191  12:03  Photon Cannon  
  191  12:04  Photon Cannon  
  191  12:05  Probe (Chrono Boost)  
  191  12:07  Photon Cannon  
  192  12:10  Nexus  
  184  12:19  Oracle, Pylon  
  184  12:21  Adept x4  
  184  12:22  Adept x3  
  176  12:55  Archon  
  155  12:58  Probe (Chrono Boost)  
  155  13:01  Stalker x3  
  155  13:02  Stalker x2  
  147  13:19  Assimilator  
  147  13:22  Pylon  
  147  13:25  Fleet Beacon, Protoss Ground Weapons Level 3, Protoss Ground Armor Level 3  
  147  13:30  Stalker x2  
  147  13:31  Stalker x5  
  145  13:51  Colossus  
  129  13:58  Colossus  
  129  14:01  Protoss Air Weapons Level 1  
  129  14:02  Adept x2, Stargate  
  143  14:03  Adept x7  
  143  14:04  Stargate  
  143  14:06  Probe (Chrono Boost)  
  143  14:07  Probe x2 (Chrono Boost)  
  143  14:09  Tempest  
  162  14:12  Nexus  
  168  14:21  Gateway  
  168  14:27  Stalker x3, High Templar x2  
  168  14:28  Stalker x2  
  168  14:29  Adept  
  168  14:30  Sentry  
  186  14:45  Assimilator  
  186  14:46  Assimilator  
  186  14:47  Pylon  
  186  14:51  Adept x5  
  176  15:38  Adept x7  
  176  15:39  Adept  
  176  15:40  Tempest  
  196  15:46  Tempest  
  193  15:50  Nexus  
  193  15:52  Assimilator  
  187  15:57  Assimilator  
  187  16:01  Pylon  
  187  16:03  Pylon  
  160  16:23  Adept  
  160  16:24  Adept x6  
  163  16:54  High Templar x3  
  166  17:09  Archon, High Templar  
Tags
 
Add a new tag
Caveats
  • Supply blocks, unpowered buildings, or Contaminate may cause inaccurate times.
  • Supply counts are checked every 10 seconds.